 Dungeon Crawl Stone Soup version 0.25.0-3-gd7cc5688da (webtiles) character file.

Game seed: 3918870301941712473

10725 grindst0ne the Fighter (level 11, -1/102 HPs)
             Began as a Ghoul Monk on June 15, 2020.
             Was an Elder of Trog.
             Slain by a blink frog (9 damage)
             ... on level 2 of the Lair of Beasts.
             The game lasted 00:21:33 (11278 turns).

grindst0ne the Fighter (Ghoul Monk)                Turns: 11278, Time: 00:21:34

Health: -1/102     AC: 16    Str: 19    XL:     11   Next: 66%
Magic:  0/13       EV:  9    Int:  5    God:    Trog [****..]
Gold:   322        SH:  0    Dex: 11    Spells: 10/10 levels left

rFire    + . .     SeeInvis .     - Unarmed
rCold    + + .     Gourm    .   (no shield)
rNeg     + + +     Faith    .   c - +0 chain mail
rPois    ∞         Spirit   +   (no helmet)
rElec    +         Reflect  .   R - scarf {repulsion}
rCorr    +         Harm     .   (no gloves)
MR       +++..                  C - +0 pair of boots
Stlth    ..........             G - amulet of guardian spirit
HPRegen  1.00/turn              D - ring of protection from magic
MPRegen  0.13/turn              B - +4 ring of protection

@: resistant, stab, regenerating, rotting, studying Armour, repel missiles
A: rotting body, claws 1, carnivore, cold resistance 1, negative energy
resistance 3, inhibited regeneration, torment resistance, unbreathing
a: Trog's Hand, Brothers in Arms, Renounce Religion


You were on level 2 of the Lair of Beasts.
You worshipped Trog.
Trog was greatly pleased with you.
You were not hungry.

You visited 3 branches of the dungeon, and saw 12 of its levels.

You collected 546 gold pieces.
You spent 224 gold pieces at shops.

Inventory:

Missiles
 v - 64 poisoned darts (quivered)
 F - 2 boomerangs of dispersal
 M - 2 throwing nets
Armour
 c - a +0 chain mail (worn)
 l - a +0 plate armour
 r - a +1 cloak of stealth
 C - a +0 pair of boots (worn)
 N - a +0 kite shield
 R - a scarf of repulsion (worn)
Jewellery
 a - an uncursed amulet of regeneration
 k - an uncursed ring of flight
 y - an uncursed ring of resist corrosion
 B - a +4 ring of protection (right claw)
 D - a ring of protection from magic (left claw)
 G - an amulet of guardian spirit (around neck)
Wands
 A - a wand of enslavement (5)
 J - a wand of clouds (3)
 L - a wand of digging (1)
 Q - a wand of paralysis (5)
Scrolls
 d - 3 scrolls of fear
 f - 2 scrolls of enchant armour
 g - a scroll of vulnerability
 i - 5 scrolls of enchant weapon
 n - 4 scrolls of teleportation
 o - 4 scrolls of amnesia
 q - a scroll of magic mapping {unknown}
 u - 3 scrolls of remove curse
 z - 2 scrolls of fog
 O - a scroll of immolation {unknown}
Potions
 j - a potion of haste
 m - 3 potions of cancellation {unknown}
 p - a potion of magic
 t - a potion of stabbing
 x - 2 potions of flight
 E - 2 potions of lignification {unknown}
 I - 5 potions of heal wounds {unknown}
 K - 2 potions of degeneration {unknown}
Books
 e - a manual of Armour
Comestibles
 b - 28 rations
 H - 11 chunks of flesh


   Skills:
 + Level 11.0 Fighting
 + Level 9.6 Armour
 - Level 2.6 Dodging
 - Level 2.1 Stealth
 + Level 4.5 Shields
 + Level 11.0 Unarmed Combat
 + Level 4.0 Evocations


You had 10 spell levels left.
You didn't know any spells.
Your spell library was empty.

Dungeon Overview and Level Annotations

Branches:
Dungeon (9/15)             Temple (1/1) D:7            Lair (2/6) D:9
  Swamp: Lair:2-4    Shoals: Lair:2-4     Snake: Lair:2-4    Spider: Lair:2-4
    Orc: D:9-12

Altars:
Cheibriados
Dithmenos
Elyvilon
Fedhas
Gozag
Makhleb
Nemelex Xobeh
Qazlal
Sif Muna
Trog
Uskayaw
Vehumet
Xom
Yredelemnul
Zin
The Shining One

Shops:
D:4 [   D:8 *   D:9 [

Annotations:
Lair:1 exclusion: oklob plant


Innate Abilities, Weirdness & Mutations

Your body is rotting away.
You thrive on raw meat.
You are immune to poison.
You have sharp fingernails.
You are carnivorous and can eat meat at any time.
Your flesh is cold resistant. (rC+)
You are immune to negative energy. (rN+++)
You do not regenerate when monsters are visible.
You are immune to unholy pain and torment.
You can survive without breathing.


Message History

The blink frog is severely wounded.
The blink frog hits you!
* * * LOW HITPOINT WARNING * * *
The blink frog hits you!
* * * LOW HITPOINT WARNING * * *
The blink frog blinks!
You feel better. The blink frog hits you!
* * * LOW HITPOINT WARNING * * *
The blink frog blinks!
Okay, then.
Your skin crawls.
You feel resistant to hostile enchantments.
You feel somewhat more hungry.
It was a potion of stabbing.
You feel ready to backstab.
The blink frog hits you but does no damage.
It was a potion of resistance.
You feel protected. The blink frog hits you!
You die...

...§....................#
...................#....#
.#..#####...#.#.####....#
## ##..###### ###.P#
####...#.#.##### ####
#..............###
##..............P#
#......#..FF#...)##
#.......#.##@#..!.##
##.#....#######....##
###.#...### ##....###
...8.#....# ##.....##
.#.....#...####P.....##
.......#....##......P#
......##...#####....#.#
.......##...#..##....#
.....|..#.....##.#(....#


You could see 2 blink frogs.

Vanquished Creatures
  A hydra (Lair:1)
  2 death yaks (D:9)
  Joseph (D:8)
  Maurice (D:8)
  2 spiny frogs (Lair:1)
  A komodo dragon (Lair:2)
  A polar bear (Lair:2)
  A queen bee (Lair:1)
  6 blink frogs
  Prince Ribbit (D:5)
  A hippogriff (Lair:1)
  A wyvern (D:8)
  6 yaks
  Edmund (D:5)
  A water moccasin (D:6)
  A porcupine (Lair:1)
  An orc warrior (D:7)
  A sky beast (D:8)
  An ogre (D:2)
  A phantom (D:6)
  2 crocodiles
  Blork the orc (D:5)
  A gnoll sergeant (D:8)
  10 bullfrogs
  2 scorpions
  A water moccasin skeleton (D:6)
  24 killer bees
  4 wights (D:9)
  6 howler monkeys
  2 crimson imps (D:7)
  6 jellies
  A quasit (D:9)
  A bullfrog skeleton (D:8)
  2 orc priests (D:4)
  A bullfrog zombie (D:7)
  Crazy Yiuf (D:2)
  A gnoll shaman (D:7)
  6 hounds
  2 iguanas
  2 orc wizards
  4 worker ants
  2 killer bee zombies
  12 gnolls
  6 adders
  A shadow imp (D:3)
  14 oozes (Lair:1)
  4 worms
  3 dart slugs
  3 leopard geckos
  22 orcs
  2 ball pythons
  5 bats
  4 giant cockroaches
  10 goblins
  5 hobgoblins
  9 jackals
  2 quokkas
  A ball python skeleton (D:4)
  2 frilled lizards
  A jackal zombie (D:6)
  8 kobolds
  5 rats
233 creatures vanquished.

Vanquished Creatures (others)
  5 fungi (Lair:1)
5 creatures vanquished.

Grand Total: 238 creatures vanquished

Notes
Turn   | Place    | Note
-------+----------+-------------------------------------------
     0 | D:1      | grindst0ne the Ghoul Monk began the quest for the Orb.
     0 | D:1      | Reached XP level 1. HP: 19/19 MP: 0/0
    58 | D:1      | Reached XP level 2. HP: 17/26 MP: 1/1
   432 | D:1      | Reached skill level 1 in Armour
   838 | D:2      | Reached XP level 3. HP: 29/33 MP: 2/2
  1131 | D:2      | Found a snail-covered altar of Cheibriados.
  1277 | D:2      | Noticed an ogre
  1289 | D:2      | Killed an ogre
  1289 | D:2      | Reached XP level 4. HP: 5/41 MP: 3/3
  1289 | D:2      | Reached XP level 5. HP: 6/47 MP: 4/4
  1499 | D:2      | Found a runed translucent door.
  1500 | D:2      | Noticed Crazy Yiuf
  1713 | D:2      | Killed Crazy Yiuf
  2306 | D:3      | Reached XP level 6. HP: 55/55 MP: 5/5
  2676 | D:4      | Reached skill level 5 in Fighting
  2758 | D:4      | Found the +8 frozen axe "Frostbite" {freezing cloud, *Noise
                  | +Fly rC+}
  2841 | D:4      | Reached skill level 5 in Unarmed Combat
  2916 | D:4      | Found Fedghym's Antique Armour Shop.
  2971 | D:4      | Found a shimmering blue altar of Sif Muna.
  3393 | D:5      | Entered Level 5 of the Dungeon
  3400 | D:5      | Noticed Edmund
  3400 | D:5      | Noticed Prince Ribbit
  3427 | D:5      | Killed Edmund
  3427 | D:5      | Reached XP level 7. HP: 32/62 MP: 6/6
  3442 | D:5      | Killed Prince Ribbit
  3608 | D:5      | Found a glowing golden altar of the Shining One.
  3741 | D:5      | Noticed Blork the orc
  3761 | D:5      | Killed Blork the orc
  4028 | D:5      | Reached XP level 8. HP: 71/71 MP: 7/7
  4056 | D:5      | Found a sacrificial altar of Ru.
  4058 | D:5      | Found a basalt altar of Yredelemnul.
  4058 | D:5      | Found a hide-covered altar of Uskayaw.
  4060 | D:5      | Found a shimmering altar of Xom.
  4060 | D:5      | Found an ancient bone altar of Kikubaaqudgha.
  4060 | D:5      | Found a sacrificial altar of Ru.
  4479 | D:6      | Reached skill level 5 in Armour
  5224 | D:7      | Found a staircase to the Ecumenical Temple.
  5233 | Temple   | Entered the Ecumenical Temple
  5262 | Temple   | Became a worshipper of Trog the Wrathful
  5262 | Temple   | Reached * piety under Trog
  5262 | Temple   | Reached ** piety under Trog
  5395 | D:7      | Reached XP level 9. HP: 54/73 MP: 5/8
  5541 | D:7      | Found a basalt altar of Yredelemnul.
  6260 | D:8      | Found Joemias's General Store.
  6367 | D:8      | Noticed Maurice
  6421 | D:8      | Killed Maurice
  6745 | D:8      | Noticed Joseph
  6771 | D:8      | Killed Joseph
  6771 | D:8      | Reached XP level 10. HP: 45/91 MP: 5/9
  7479 | D:9      | Found a white marble altar of Elyvilon.
  7554 | D:9      | Found a blossoming altar of Fedhas.
  7662 | D:9      | Reached *** piety under Trog
  7710 | D:9      | Found Duaweask's Antique Armour Shoppe.
  7825 | D:4      | Bought a glowing scarf for 224 gold pieces
  8070 | D:9      | Found a shadowy altar of Dithmenos.
  8077 | D:9      | Noticed a death yak
  8078 | D:9      | Found a staircase to the Lair.
  8078 | D:9      | Noticed a death yak
  8078 | D:9      | Noticed a death yak
  8078 | D:9      | Noticed a death yak
  8108 | D:9      | Killed a death yak
  8108 | D:9      | Reached skill level 1 in Shields
  8418 | D:9      | Noticed a death yak
  8418 | D:9      | Noticed a death yak
  8418 | D:9      | Noticed a death yak
  8477 | D:9      | Killed a death yak
  8477 | D:9      | Reached skill level 10 in Fighting
  8477 | D:9      | Reached skill level 10 in Unarmed Combat
  8477 | D:9      | Reached skill level 1 in Evocations
  8594 | Lair:1   | Entered Level 1 of the Lair of Beasts
  8612 | Lair:1   | Identified a scroll of acquirement
  8715 | Lair:1   | Noticed a spiny frog
  8729 | Lair:1   | Killed a spiny frog
  8895 | Lair:1   | Noticed a seven-headed hydra
  8897 | Lair:1   | Noticed a spiny frog
  8902 | Lair:1   | Killed a spiny frog
  8905 | Lair:1   | Killed a seven-headed hydra
  8905 | Lair:1   | Reached XP level 11. HP: 65/101 MP: 7/11
 10159 | Lair:1   | Reached **** piety under Trog
 10378 | Lair:1   | Noticed an oklob plant
 11274 | Lair:2   | HP: 5/102 [blink frog (9)]
 11278 | Lair:2   | Slain by a blink frog

Illustrated notes

Levels and vault maps discovered:
D:1:      lemuel_arrival_tunnels, layout_loops_cross
D:2:      layout_loops_ring, lemuel_round_altar, uniq_crazy_yiuf_cottage
D:3:      layout_basic
D:4:      layout_loops_cross, lemuel_round_altar, serial_shops, shop,
          minmay_between
D:5:      layout_basic, tso_metal_star, first_ration, minivault_27,
          doesnt_xom_only_xom, uniq_blork_the_orc, uniq_edmund,
          uniq_prince_ribbit1
D:6:      layout_rooms
D:7:      layout_loops_ring, marbit_many_paths, minmay_temple_entry_glassed_door
D:8:      layout_loops_corners, serial_shops, shop, uniq_maurice, uniq_joseph
D:9:      layout_irregular_city, lemuel_crystal_altar, grunt_dithmenos_smoke,
          dpeg_lair_monsters, serial_shops, nicolae_shop_statue_plus,
          basic_altar
Temple:   nicolae_temple_elliptical
Lair:1:   lemuel_slime, layout_concentric_octagons, special_room
          [special_room_bee], st_stairs_6
Lair:2:   layout_concentric_octagons, swamp_mist_pool,
          minmay_snake_entry_guardpost_small, beast_lair_carwin_9,
          grunt_megastairs_5, serial_bayou_shore_a, lemuel_fruit_tree,
          serial_bayou_shore_b, infiniplex_staircase_pool

Skill      XL: |  1  2  3  4  5  6  7  8  9 10 11 |
---------------+----------------------------------+-----
Armour         | 1 2 3 4 5 7 8 9 |  9.6
Fighting       | 4 5 6 7 9 10 11 | 11.0
Unarmed Combat | 4 5 6 7 9 10 11 | 11.0
Shields        | 3 4 |  4.5
Evocations     | 2 4 |  4.0
Dodging        | |  2.6
Stealth        | |  2.1

Action                   |  1- 3 |  4- 6 |  7- 9 | 10-12 || total
-------------------------+-------+-------+-------+-------++-------
Melee: Unarmed           |    79 |   187 |   385 |   334 ||   985
       Punch             |       |     3 |    11 |    11 ||    25
Throw: Dart              |       |     1 |    10 |     7 ||    18
Invok: Trog's Hand       |       |       |       |     5 ||     5
Evoke: Wand              |       |       |       |    20 ||    20
  Use: Potion            |       |     2 |       |     7 ||     9
       Scroll            |       |       |    10 |     5 ||    15
 Stab: Sleeping          |     1 |       |       |       ||     1
       Paralysed         |       |       |       |     7 ||     7
  Eat: Chunk             |     3 |     6 |    20 |    14 ||    43
       Ration            |       |       |     1 |     1 ||     2
Armor: Robe              |     3 |       |       |       ||     3
       Leather armour    |     2 |     1 |       |       ||     3
       Chain mail        |       |    72 |   171 |   163 ||   406
Dodge: Dodged            |    35 |    74 |   147 |   149 ||   405
